 Dungeon Crawl Stone Soup version 0.31-a0-977-gc230f8ef24 (webtiles) character file.

Game seed: 5178479496377243664

381 Arcadio the Ruffian (level 6, -2/55 HPs)
             Began as a Ghoul Monk on Oct 29, 2023.
             Was a Believer of Makhleb.
             Slain by a gnoll
             ... wielding a +0 spear
              (6 damage)
             ... on level 5 of the Dungeon.
             The game lasted 00:05:11 (2126 turns).

Arcadio the Ruffian (Ghoul Monk)                    Turns: 2126, Time: 00:05:12

Health: -2/55      AC:  6    Str: 17    XL:     6   Next: 75%
Magic:  0/5        EV: 10    Int:  5    God:    Makhleb [**....]
Gold:   203        SH:  0    Dex: 11    Spells: 5/5 levels left

rFire   . .          .
                       - Unarmed
rCold   + . .        c - orb {light}
rNeg    + + +        g - +0 scale mail
rPois   ∞            (no helmet)
rElec   .            (no cloak)
rCorr   .            (no gloves)
SInv    .            (no boots)
Will    .....        e - amulet of guardian spirit Stlth
                     (no ring)
HPRegen 0.00/turn    (no ring)
MPRegen 0.09/turn

%: guardian spirit
@: inhibited regen, glowing
A: claws 1, cold resistance 1, negative energy resistance 3, inhibited
regeneration, torment resistance 2, devour on kill
a: Renounce Religion, Minor Destruction


You were on level 5 of the Dungeon.
You worshipped Makhleb.
Makhleb was pleased with you.
You visited 2 branches of the dungeon, and saw 7 of its levels.

You collected 203 gold pieces.

Inventory:

Armour
 a - a +0 robe
 c - an orb of light (worn)
 g - a +0 scale mail (worn)
 l - an orb of guile
Jewellery
 e - an amulet of guardian spirit (around neck)
 p - a ring of flight
Scrolls
 k - a scroll of enchant weapon
 m - a scroll of immolation
 q - a scroll of enchant armour {unknown}
Potions
 b - a potion of ambrosia
 d - 3 potions of lignification
 f - 2 potions of enlightenment
 h - 2 potions of resistance
 i - a potion of cancellation {unknown}
 j - a potion of curing {unknown}
 n - a potion of berserk rage {unknown}
 o - a potion of magic {unknown}


   Skills:
 + Level 4.9 Fighting
 + Level 2.6 Armour
 + Level 4.1 Dodging
 + Level 4.9 Unarmed Combat


You had 5 spell levels left.
You didn't know any spells.
Your spell library contained the following spells:

 Spells                   Type           Power      Damage    Failure   Level
 Cigotuvi's Dreadful Rot  Necr/Pois/Air  0%         N/A       95%         2
 Hailstorm                Conj/Ice       0%         3d3       99%         3
 Dispel Undead            Necr           0%         3d6       100%        4
 Summon Ice Beast         Ice/Summ       0%         N/A       100%        4
 Death Channel            Necr           0%         N/A       100%        6
 Simulacrum               Ice/Necr       0%         N/A       100%        6


Dungeon Overview and Level Annotations

Branches:
Dungeon (6/15) Zot: 26887  Temple (1/1) D:4 Zot: 5968

Altars:
Fedhas
Hepliaklqana
Kikubaaqudgha
Makhleb
Vehumet
Xom


Innate Abilities, Weirdness & Mutations

You are immune to poison.
You have sharp fingernails.
Your flesh is cold resistant. (rC+)
You are immune to negative energy. (rN+++)
You do not regenerate when monsters are visible.
You are immune to unholy pain and torment.
You thrive by killing the living.


Message History

The gnoll misses you.
You scratch the orc priest.
You kill the orc priest!
Makhleb accepts your kill.
You feel better.
The gnoll hits you from afar with a +0 spear.
You scratch the orc.
The orc is almost dead.
The gnoll barely misses you. The orc hits you with a +0 flail.
You scratch the orc.
You kill the orc!
Makhleb accepts your kill.
You closely miss the adder. The adder bites you.
The gnoll hits you but does no damage. The adder bites you.
You scratch the adder but do no damage.
The gnoll hits you from afar with a +0 spear.
* * * LOW HITPOINT WARNING * * *
The adder bites you.
You claw the adder!
The adder is severely wounded.
The gnoll closely misses you. The adder bites you.
* * * LOW HITPOINT WARNING * * *
You claw the adder!
You kill the adder!
Makhleb accepts your kill.
You feel better. The gnoll barely misses you.
You claw the orc!
You kill the orc!
Makhleb accepts your kill.
The gnoll hits you from afar with a +0 spear.
* * * LOW HITPOINT WARNING * * *
The gnoll attacks as it pursues you! The gnoll closely misses you.
Items here: ))) [[ ††††.
The gnoll hits you with a +0 spear.
* * * LOW HITPOINT WARNING * * *
You see here a +0 club.
You claw the gnoll!
The gnoll is severely wounded.
The gnoll hits you with a +0 spear.
You die...

#.#......#...<
#.#.######..##
#.#.# #..# #.#.#
#..# ### #.#.#
#... .... #...# ..
.... #..##
#..#####..#
#g@)....#
......#####......>
..... #.S#####
.... #o.$< ###
#..### #..# #.!#
...


You could see a gnoll.

Vanquished Creatures
  A scorpion (D:4)
  3 hounds
  An orc priest (D:5)
  Terence (D:2)
  2 gnolls (D:5)
  7 adders
  A white imp (D:6)
  A dart slug (D:5)
  14 orcs
  5 ball pythons
  6 endoplasms
  3 giant cockroaches
  7 goblins
  8 hobgoblins
  6 kobolds
  4 quokkas
  5 bats
  A frilled lizard (D:1)
  4 rats
80 creatures vanquished.

Notes
Turn   | Place    | Note
-------+----------+-------------------------------------------
     0 | D:1      | Arcadio the Ghoul Monk began the quest for the Orb.
     0 | D:1      | Reached XP level 1. HP: 19/19 MP: 0/0
   176 | D:1      | Reached XP level 2. HP: 26/26 MP: 1/1
   309 | D:1      | Reached XP level 3. HP: 31/31 MP: 2/2
   603 | D:2      | Noticed Terence
   611 | D:2      | Killed Terence
   612 | D:2      | Reached skill level 1 in Armour
   612 | D:2      | Reached XP level 4. HP: 26/40 MP: 3/3
  1423 | D:3      | Reached XP level 5. HP: 36/46 MP: 2/4
  1762 | D:4      | Reached XP level 6. HP: 48/53 MP: 5/5
  1851 | D:4      | Found a staircase to the Ecumenical Temple.
  1857 | Temple   | Entered the Ecumenical Temple
  1873 | Temple   | Became a worshipper of Makhleb the Destroyer
  1873 | Temple   | Reached * piety under Makhleb
  1873 | Temple   | Reached ** piety under Makhleb
  1983 | D:4      | You fall into a shaft and drop 2 floors!
  2012 | D:5      | Entered Level 5 of the Dungeon
  2126 | D:5      | Slain by a gnoll

Illustrated notes

Levels and vault maps discovered:
D:1:      erik_arrival_orb_chamber, layout_rooms, minmay_misc_feat_roman
D:2:      layout_basic, basic_altar, uniq_terence
D:3:      layout_rooms, kennysheep_another_room, item_on_display_a
D:4:      nicolae_cairo_tiling_very_big, layout_rooms,
          minmay_temple_entry_fiery, kennysheep_generic_room_15
D:5:      layout_loops_ring, gup_sewer_entry_glass,
          nicolae_shop_i_like_big_books
D:6:      layout_rooms, nicolae_overflows_in_rows, uniq_blork_the_orc,
          uniq_crazy_yiuf_cottage
Temple:   hellmonk_temple_of_storms

Skill      XL: |  1  2  3  4  5  6 |
---------------+-------------------+-----
Dodging        | 3 4 |  4.1
Armour         | 1 2 |  2.6
Unarmed Combat | 4 |  4.9
Fighting       | 4 |  4.9

Action                     |  1- 3 |  4- 6 || total
---------------------------+-------+-------++-------
  Melee: Unarmed           |    62 |   152 ||   214
    Use: Scroll            |     2 |     5 ||     7
 Armour: Robe              |    11 |       ||    11
         Scale mail        |    23 |    81 ||   104
  Dodge: Dodged            |    30 |    75 ||   105

Table legend: (Time is in decaauts)
 A = Elapsed time spent in this place.
 B = Non-inter-level travel time spent in this place.
 C = Inter-level travel time spent in this place.
 D = Time resting spent in this place.
 E = Time spent auto-exploring this place.
 F = Levels seen in this place.
 G = Mean time per level.
                   A        B        C        D        E       F      G
               +--------+--------+--------+--------+--------+-----+--------+
         Total |   2109 |   2029 |     80 |      0 |   1449 |   7 |  301.3 |
       Dungeon |   2077 |   2009 |     68 |      0 |   1449 |   6 |  346.2 |
        Temple |     31 |     19 |     12 |      0 |      0 |   1 |   31.0 |
               +--------+--------+--------+--------+--------+-----+--------+

Top non-repeatable levels by time:
     D:1: 517 daAuts
     D:3: 516 daAuts
     D:2: 473 daAuts
     D:4: 430 daAuts
     D:5: 111 daAuts
  Temple: 31 daAuts
     D:6: 28 daAuts
